 Dungeon Crawl Stone Soup version 0.26.1-2-gb8aa6d0cf2 (webtiles) character file.

Game seed: 12900890224120471314

36 Majorwet the Stinger (level 3, -2/26 HPs)
             Began as a Demonspawn Venom Mage on Feb 14, 2021.
             Killed from afar by Terence (8 damage)
             ... with a puff of flame
             ... on level 1 of the Dungeon.
             The game lasted 00:04:21 (1194 turns).

Majorwet the Stinger (Demonspawn Venom Mage)        Turns: 1194, Time: 00:04:22

Health: -2/26      AC:  6    Str:  8    XL:     3   Next: 19%
Magic:  0/6        EV: 11    Int: 17    God:
Gold:   70         SH:  3    Dex: 13    Spells: 5/6 levels left

rFire    . . .     SeeInvis .   (no weapon)
rCold    . . .     Faith    .   o - +0 buckler
rNeg     + . .     Spirit   +   a - +0 robe
rPois    .         Reflect  .   (helmet restricted)
rElec    .         Harm     .   (no cloak)
rCorr    .         Rampage  .   p - +2 pair of gloves
Will     .....                  (no boots)
Stlth    ++........             n - amulet of guardian spirit
HPRegen  0.08/turn              b - ring of positive energy
MPRegen  0.10/turn              (no ring)

@: no status effects
A: antennae 1, rugged brown scales 1
a: no special abilities


You were on level 1 of the Dungeon.
You visited 1 branch of the dungeon, and saw 2 of its levels.

You collected 70 gold pieces.

Inventory:

Armour
 a - a +0 robe (worn)
 h - a +0 kite shield
 o - a +0 buckler (worn)
 p - a +2 pair of gloves (worn)
Jewellery
 b - a ring of positive energy (left hand)
 n - an amulet of guardian spirit (around neck)
Scrolls
 c - a scroll of noise {unknown}
 d - 3 scrolls of teleportation {unknown}
 f - 2 scrolls of random uselessness {unknown}
 g - a scroll of immolation {unknown}
 k - 3 scrolls of identify {unknown}
 l - a scroll of magic mapping {unknown}
 m - a scroll of blinking {unknown}
Potions
 e - 3 potions of curing {unknown}
 i - a potion of brilliance {unknown}
 j - a potion of heal wounds {unknown}


   Skills:
 * Level 1.2 Fighting
 + Level 1.8 Dodging
 - Level 1.9 Stealth
 * Level 0.1 Shields
 + Level 2.4 Spellcasting
 + Level 1.1 Transmutations
 + Level 3.4 Poison Magic


You had 5 spell levels left.
You knew the following spells:

 Your Spells              Type           Power        Failure   Level
a - Sting                 Tmut/Pois      36%          12%         1

Your spell library contained the following spells:

 Spells                   Type           Power        Failure   Level
 Poisonous Vapours        Pois/Air       14%          22%         2
 Ignite Poison            Fire/Tmut/Pois 7%           43%         3
 Mephitic Cloud           Conj/Pois/Air  5%           50%         3
 Olgreb's Toxic Radiance  Pois           13%          58%         4


Dungeon Overview and Level Annotations

Branches:
Dungeon (2/15)

Altars:
Ashenzari

Annotations:
D:1 Terence


Innate Abilities, Weirdness & Mutations

You have a pair of small antennae on your head.
You are partially covered in rugged brown scales. (AC +1, +3% HP)


Message History

Here: Terence, wielding a +0 flail, wearing a +0 chain mail and carrying a wand of flame (7) (lightly wounded, very poisoned)
The floor.
Terence zaps a wand.
The puff of flame hits you!
* * * LOW HITPOINT WARNING * * *
Aiming: Sting (safe; 12% risk of failure)
Press: ? - help, Q - select action Shift-Dir - straight line, f/p - Terence
Aim: Terence, wielding a +0 flail, wearing a +0 chain mail and carrying a wand of flame (6) (lightly wounded, very poisoned, 23% to evade)
The sting hits Terence but does no damage.
Terence looks even sicker.
Terence is lightly wounded.
You see here 2 poisoned darts.
There is a stone staircase leading up here.
You can't go down here!
Terence closely misses you.
You climb upwards.
There is a stone staircase leading down here.
Terence zaps a wand.
The puff of flame hits you.
* * * LOW HITPOINT WARNING * * *
Terence zaps a wand.
The puff of flame hits you!
You die...

####### ......# #####.#
...##.##### ###
##.#...##.####.##
##.......#......###############
#.......###..#.##..@..>.......#
#.###..## ##....@...........#.#
#.# #.#.###..#.##.#########.#.#
#.# #.##.#.#.#.##.# #.#.# #.#
#.###.##.#.##.# #.#.#
#.###.###.##.#.##.# #.#.#
......#.#.##.#.##.#########.#.#
..####.................)(##.#.#
#####.#.#.###.....#...##....#.#
#....>.......###..........#.#


You could see Terence (poisoned).

Vanquished Creatures
  3 adders (D:2)
  A goblin (D:2)
  4 hobgoblins
  2 kobolds
  A rat (D:2)
11 creatures vanquished.

Notes
Turn   | Place    | Note
-------+----------+-------------------------------------------
     0 | D:1      | Majorwet the Demonspawn Venom Mage began the quest for the
                  | Orb.
     0 | D:1      | Reached XP level 1. HP: 13/13 MP: 3/3
   658 | D:2      | Gained mutation: You are partially covered in rugged brown
                  | scales. (AC +1, +3% HP) [demonic ancestry]
   658 | D:2      | Reached XP level 2. HP: 13/20 MP: 1/5
   799 | D:2      | Found a broken altar of Ashenzari.
   958 | D:2      | Reached skill level 1 in Transmutations
   959 | D:2      | Reached skill level 1 in Fighting
  1067 | D:2      | Gained mutation: You have a pair of small antennae on your
                  | head. [demonic ancestry]
  1067 | D:2      | Reached XP level 3. HP: 26/26 MP: 0/6
  1167 | D:2      | Noticed Terence
  1194 | D:1      | Killed from afar by Terence

Illustrated notes

Levels and vault maps discovered:
D:1:      scummos_arrival_simple_fountains, layout_loops_ring
D:2:      layout_loops_ring, nicolae_overflow_hidden_temple, old_standard_altar,
          uniq_terence, uniq_sigmund

Skill      XL: |  1  2 |
---------------+-------+-----
Transmutations | 1 |  1.1
Fighting       | 1 |  1.2
Dodging        | |  1.8
Stealth        | |  1.9
Shields        | |  0.1
Spellcasting   | |  2.4
Poison Magic   | |  3.4

Action                   || total
-------------------------++-------
 Cast: Sting             ||    27
Armor: Robe              ||     1
Dodge: Dodged            ||    10
Block: Buckler           ||     2
